| TOP OF THE 1ST |
|
New York Yankees batting - Pitching for California Angels : RHP Danny White
|
|
Pitching: RHP Danny White
|
|
|
Batting: RHB Russ Shambaugh
|
0-0: Ball 1-0: Called Strike 1-1: Ball 2-1: Ball 3-1: Base on Balls
|
|
Batting: RHB Shiro Suehiro
|
0-0: Ball Russ Shambaugh is caught stealing 2nd base 2-4 1-0: Called Strike 1-1: Ball 2-1: Ball 3-1: Ground out 6-3 (Groundball, 6, EV 93.1 MPH)
|
|
Batting: SHB Bartholomeu Chambino
|
0-0: Ball 1-0: Foul Ball, location: 2F 1-1: Ball 2-1: Foul Ball, location: 2F 2-2: Strikes out swinging
|
| Top of the 1st over - 0 runs, 0 hits, 0 errors, 0 left on base; New York 0 - California 0 |
| BOTTOM OF THE 1ST |
|
California Angels batting - Pitching for New York Yankees : RHP John Brice
|
|
Pitching: RHP John Brice
|
|
|
Batting: LHB Rusty Ney
|
0-0: Ball 1-0: Foul Ball, location: 2F 1-1: Ball 2-1: Called Strike 2-2: Strikes out swinging
|
|
Batting: LHB Javier Trujillo
|
0-0: Ball 1-0: Ball 2-0: Ball 3-0: Base on Balls
|
|
Batting: RHB Ruben Velasco
|
0-0: Foul Ball, location: 2F 0-1: Foul Ball, location: 2F 0-2: Ball 1-2: Ball 2-2: Ball 3-2: Foul Ball, location: 2F 3-2: SINGLE (Groundball, 6, EV 105.0 MPH) Javier Trujillo to second
|
|
Batting: RHB Preston Deakyne
|
0-0: Ball 1-0: Foul Ball, location: 2F 1-1: Ball 2-1: Called Strike 2-2: Ball 3-2: Strikes out swinging
|
|
Batting: RHB Alain Delhaye
|
0-0: Swinging Strike 0-1: Swinging Strike 0-2: Foul Ball, location: 2F 0-2: Ball 1-2: Ball 2-2: Ball 3-2: Foul Ball, location: 2F 3-2: Strikes out swinging
|
| Bottom of the 1st over - 0 runs, 1 hit, 0 errors, 2 left on base; New York 0 - California 0 |
| TOP OF THE 2ND |
|
New York Yankees batting - Pitching for California Angels : RHP Danny White
|
|
Batting: RHB Adriaan Pieters
|
0-0: Ball 1-0: Foul Ball, location: 2F 1-1: Swinging Strike 1-2: Strikes out swinging
|
|
Batting: LHB Jim Skare
|
0-0: Ball 1-0: Ball 2-0: Ball 3-0: Base on Balls
|
|
Batting: LHB Joel Vera
|
0-0: Ball 1-0: Fielders Choice at 2nd, 6-4 (Groundball, 6, EV 87.5 MPH)
|
|
Batting: RHB Geni Prawiranega
|
0-0: Ball 1-0: Called Strike 1-1: Called Strike 1-2: Strikes out looking
|
| Top of the 2nd over - 0 runs, 0 hits, 0 errors, 1 left on base; New York 0 - California 0 |
| BOTTOM OF THE 2ND |
|
California Angels batting - Pitching for New York Yankees : RHP John Brice
|
|
Batting: RHB Luis Romero
|
0-0: Called Strike 0-1: Ball 1-1: Called Strike 1-2: Strikes out looking
|
|
Batting: RHB Mike Harkins
|
0-0: Ball 1-0: Called Strike 1-1: Ball 2-1: Foul Ball, location: 2F 2-2: Ground out 5-3 (Groundball, 56S, EV 81.9 MPH)
|
|
Batting: RHB Avery Maxwell
|
0-0: Foul Ball, location: 2F 0-1: Ball 1-1: Foul Ball, location: 2F 1-2: Foul Ball, location: 2F 1-2: Foul Ball, location: 2F 1-2: Ball 2-2: Ball 3-2: Base on Balls
|
|
Batting: LHB Micah Miller
|
0-0: Called Strike 0-1: Ball 1-1: Foul Ball, location: 2F 1-2: Strikes out swinging
|
| Bottom of the 2nd over - 0 runs, 0 hits, 0 errors, 1 left on base; New York 0 - California 0 |
| TOP OF THE 3RD |
|
New York Yankees batting - Pitching for California Angels : RHP Danny White
|
|
Batting: RHB Jose Tovar
|
0-0: Foul Ball, location: 2F 0-1: Ball 1-1: Foul Ball, location: 2F 1-2: Foul Ball, location: 2F 1-2: Strikes out swinging
|
|
Batting: RHB Mike Gifford
|
0-0: Foul Ball, location: 2F 0-1: Foul Ball, location: 2F 0-2: Foul Ball, location: 2F 0-2: Foul Ball, location: 2F 0-2: Ball 1-2: Strikes out swinging, 2-3 out at first.
|
|
Batting: RHB Russ Shambaugh
|
0-0: Called Strike 0-1: Ground out 2-3 (Groundball, 2R, EV 71.2 MPH)
|
| Top of the 3rd over - 0 runs, 0 hits, 0 errors, 0 left on base; New York 0 - California 0 |
| BOTTOM OF THE 3RD |
|
California Angels batting - Pitching for New York Yankees : RHP John Brice
|
|
Batting: LHB Rusty Ney
|
0-0: Ball 1-0: Swinging Strike 1-1: Called Strike 1-2: Foul Ball, location: 2F 1-2: Fly out, F8 (Flyball, 8LXD, EV 88.1 MPH)
|
|
Batting: LHB Javier Trujillo
|
0-0: Ball 1-0: Fly out, F7 (Flyball, 7LS, EV 89.4 MPH)
|
|
Batting: RHB Ruben Velasco
|
0-0: Called Strike 0-1: Foul Ball, location: 2F 0-2: Ball 1-2: Ball 2-2: Ball 3-2: Ground out 4-3 (Groundball, 4S, EV 72.5 MPH)
|
| Bottom of the 3rd over - 0 runs, 0 hits, 0 errors, 0 left on base; New York 0 - California 0 |
| TOP OF THE 4TH |
|
New York Yankees batting - Pitching for California Angels : RHP Danny White
|
|
Batting: RHB Shiro Suehiro
|
0-0: Ball 1-0: Called Strike 1-1: Ball 2-1: SINGLE (Line Drive, 78S, EV 103.8 MPH)
|
|
Batting: SHB Bartholomeu Chambino
|
0-0: Called Strike 0-1: Ball 1-1: Called Strike Shiro Suehiro steals 2nd base 1-2: SINGLE (Groundball, 34S, EV 66.9 MPH) (infield hit) Shiro Suehiro to third
|
|
Batting: RHB Adriaan Pieters
|
0-0: Called Strike 0-1: Fly out, F7 (Flyball, 7S, EV 92.5 MPH) Runner from 3rd tags up, SCORES, throw by LF
|
|
Batting: LHB Jim Skare
|
0-0: Called Strike 0-1: Swinging Strike 0-2: Foul Ball, location: 2F 0-2: Strikes out swinging
|
|
Batting: LHB Joel Vera
|
0-0: Ball 1-0: Called Strike 1-1: Ball 2-1: Foul Ball, location: 2F 2-2: Strikes out swinging
|
| Top of the 4th over - 1 run, 2 hits, 0 errors, 1 left on base; New York 1 - California 0 |
| BOTTOM OF THE 4TH |
|
California Angels batting - Pitching for New York Yankees : RHP John Brice
|
|
Batting: RHB Preston Deakyne
|
0-0: Called Strike 0-1: Ball 1-1: Ball 2-1: Ball 3-1: Base on Balls
|
|
Batting: RHB Alain Delhaye
|
0-0: Ball 1-0: Grounds into double play, 1-4-3 (Groundball, 25, EV 75.0 MPH)
|
|
Batting: RHB Luis Romero
|
0-0: SINGLE (Groundball, 4S, EV 69.4 MPH) (infield hit)
|
|
Batting: RHB Mike Harkins
|
0-0: Foul Ball, location: 2F 0-1: Ball 1-1: Foul Ball, location: 2F 1-2: 2-RUN HOME RUN (Flyball, 78XD, EV 103.8 MPH), Distance : 436 ft
|
|
Batting: RHB Avery Maxwell
|
0-0: Called Strike 0-1: Called Strike 0-2: Ball 1-2: Ball 2-2: Foul Ball, location: 2F 2-2: Foul Ball, location: 2F 2-2: Strikes out swinging
|
| Bottom of the 4th over - 2 runs, 2 hits, 0 errors, 0 left on base; New York 1 - California 2 |
| TOP OF THE 5TH |
|
New York Yankees batting - Pitching for California Angels : RHP Danny White
|
|
Batting: RHB Geni Prawiranega
|
0-0: Called Strike 0-1: Swinging Strike 0-2: Foul Ball, location: 2F 0-2: Foul Ball, location: 2F 0-2: Ball 1-2: Ball 2-2: Fly out, F7 (Flyball, 7D, EV 93.8 MPH)
|
|
Batting: RHB Jose Tovar
|
0-0: Called Strike 0-1: Ball 1-1: Ball 2-1: Foul Ball, location: 2F 2-2: Strikes out swinging
|
|
Batting: RHB Mike Gifford
|
0-0: Fly out, F8 (Flyball, 8LS, EV 86.2 MPH)
|
| Top of the 5th over - 0 runs, 0 hits, 0 errors, 0 left on base; New York 1 - California 2 |
| BOTTOM OF THE 5TH |
|
California Angels batting - Pitching for New York Yankees : RHP John Brice
|
|
Batting: LHB Micah Miller
|
0-0: Called Strike 0-1: Called Strike 0-2: Strikes out swinging
|
|
Batting: LHB Rusty Ney
|
0-0: Foul Ball, location: 2F 0-1: Ball 1-1: Foul Ball, location: 2F 1-2: Ball 2-2: SINGLE (Line Drive, 89S, EV 105.6 MPH)
|
|
Batting: LHB Javier Trujillo
|
0-0: Fly out, F8 (Line Drive, 8RM, EV 98.8 MPH)
|
|
Batting: RHB Ruben Velasco
|
0-0: Swinging Strike 0-1: Swinging Strike 0-2: Foul Ball, location: 2F 0-2: Strikes out swinging
|
| Bottom of the 5th over - 0 runs, 1 hit, 0 errors, 1 left on base; New York 1 - California 2 |
| TOP OF THE 6TH |
|
New York Yankees batting - Pitching for California Angels : RHP Danny White
|
|
Batting: RHB Russ Shambaugh
|
0-0: Ball 1-0: Hit by Pitch
|
|
Batting: RHB Shiro Suehiro
|
0-0: Called Strike Russ Shambaugh is caught stealing 2nd base 2-4 0-1: Foul Ball, location: 2F 0-2: Foul Ball, location: 2F 0-2: Ball 1-2: Ball 2-2: Foul Ball, location: 2F 2-2: Foul Ball, location: 2F 2-2: Ground out 1-3 (Groundball, 34S, EV 66.9 MPH)
|
|
Batting: SHB Bartholomeu Chambino
|
0-0: Called Strike 0-1: Ground out 6-3 (Groundball, 6, EV 103.8 MPH)
|
| Top of the 6th over - 0 runs, 0 hits, 0 errors, 0 left on base; New York 1 - California 2 |
| BOTTOM OF THE 6TH |
|
California Angels batting - Pitching for New York Yankees : RHP John Brice
|
|
Batting: RHB Preston Deakyne
|
0-0: Swinging Strike 0-1: Called Strike 0-2: Foul Ball, location: 2F 0-2: Strikes out swinging, 2-3 out at first.
|
|
Pitching: RHP Dave Barry
|
|
|
Batting: RHB Alain Delhaye
|
0-0: Foul Ball, location: 2F 0-1: Ball 1-1: Swinging Strike 1-2: Strikes out swinging
|
|
Batting: RHB Luis Romero
|
0-0: Swinging Strike 0-1: Ball 1-1: Ball 2-1: Swinging Strike 2-2: Strikes out swinging
|
| Bottom of the 6th over - 0 runs, 0 hits, 0 errors, 0 left on base; New York 1 - California 2 |
| TOP OF THE 7TH |
|
New York Yankees batting - Pitching for California Angels : RHP Danny White
|
|
Batting: RHB Adriaan Pieters
|
0-0: Ball 1-0: Called Strike 1-1: Ball 2-1: Ball 3-1: SINGLE (Line Drive, 34D, EV 96.9 MPH)
|
|
Batting: LHB Jim Skare
|
0-0: Ball 1-0: Foul Ball, location: 2F 1-1: DOUBLE (Flyball, 78XD, EV 104.4 MPH) Adriaan Pieters to third
|
|
Batting: LHB Joel Vera
|
0-0: Ground out 6-3 (Groundball, 4, EV 88.1 MPH)
|
|
Batting: RHB Geni Prawiranega
|
0-0: Called Strike 0-1: Called Strike 0-2: Strikes out swinging
|
|
Pinch Hitting: LHB Jordan de Jesus
|
0-0: Ball 1-0: Ball 2-0: Swinging Strike 2-1: Ball 3-1: Called Strike 3-2: Base on Balls
|
|
Pitching: RHP Dave Jackson
|
|
|
Batting: RHB Mike Gifford
|
0-0: Called Strike 0-1: Foul Ball, location: 2F 0-2: Strikes out looking
|
| Top of the 7th over - 0 runs, 2 hits, 0 errors, 3 left on base; New York 1 - California 2 |
| BOTTOM OF THE 7TH |
|
California Angels batting - Pitching for New York Yankees : RHP Dave Barry
|
|
Now in LF: Jordan de Jesus
|
|
|
Batting: RHB Mike Harkins
|
0-0: Ground out 5-3 (Groundball, 5, EV 85.6 MPH)
|
|
Batting: RHB Avery Maxwell
|
0-0: Swinging Strike 0-1: Ball 1-1: Foul Ball, location: 2F 1-2: Fly out, F4 (Line Drive, 4M, EV 73.1 MPH)
|
|
Batting: LHB Micah Miller
|
0-0: Ball 1-0: Ball 2-0: Foul Ball, location: 2F 2-1: Ball 3-1: Foul Ball, location: 2F 3-2: Base on Balls
|
|
Batting: LHB Rusty Ney
|
0-0: Called Strike 0-1: Ball 1-1: Ball 2-1: Ball 3-1: Foul Ball, location: 2F 3-2: Foul Ball, location: 2F 3-2: Foul Ball, location: 2F 3-2: Foul Ball, location: 2F 3-2: Base on Balls Micah Miller to second
|
|
Pitching: LHP Robert Cruz
|
|
|
Batting: LHB Javier Trujillo
|
0-0: Ball 1-0: Ball 2-0: Called Strike 2-1: Fly out, F8 (Flyball, 8LXD, EV 87.5 MPH)
|
| Bottom of the 7th over - 0 runs, 0 hits, 0 errors, 2 left on base; New York 1 - California 2 |
| TOP OF THE 8TH |
|
New York Yankees batting - Pitching for California Angels : RHP Dave Jackson
|
|
Pitching: RHP Kyle Ehret
|
|
|
Batting: RHB Russ Shambaugh
|
0-0: Called Strike 0-1: Ball 1-1: Reached on error, E6 (Groundball, 6S, EV 87.5 MPH)
|
|
Batting: RHB Shiro Suehiro
|
0-0: Grounds into double play, 4-6-3 (Groundball, 4S, EV 83.1 MPH)
|
|
Batting: SHB Bartholomeu Chambino
|
0-0: Called Strike 0-1: Fly out, F9 (Flyball, 89D, EV 86.9 MPH)
|
| Top of the 8th over - 0 runs, 0 hits, 1 error, 0 left on base; New York 1 - California 2 |
| BOTTOM OF THE 8TH |
|
California Angels batting - Pitching for New York Yankees : LHP Robert Cruz
|
|
Batting: RHB Ruben Velasco
|
0-0: Swinging Strike 0-1: Swinging Strike 0-2: Ball 1-2: Strikes out swinging
|
|
Batting: RHB Preston Deakyne
|
0-0: Called Strike 0-1: Foul Ball, location: 2F 0-2: Ball 1-2: Ball 2-2: Ball 3-2: Foul Ball, location: 2F 3-2: Strikes out swinging
|
|
Batting: RHB Alain Delhaye
|
0-0: Foul Ball, location: 2F 0-1: Ball 1-1: Foul Ball, location: 2F 1-2: Foul Ball, location: 2F 1-2: Foul Ball, location: 2F 1-2: Foul Ball, location: 2F 1-2: Ball 2-2: Ball 3-2: Strikes out swinging
|
| Bottom of the 8th over - 0 runs, 0 hits, 0 errors, 0 left on base; New York 1 - California 2 |
| TOP OF THE 9TH |
|
New York Yankees batting - Pitching for California Angels : RHP Kyle Ehret
|
|
Batting: RHB Adriaan Pieters
|
0-0: Ball 1-0: Swinging Strike 1-1: Called Strike 1-2: Foul Ball, location: 2F 1-2: Ball 2-2: SINGLE (Groundball, 6D, EV 102.5 MPH)
|
|
Batting: LHB Jim Skare
|
0-0: Ball 1-0: Ball 2-0: Called Strike 2-1: Ball 3-1: Swinging Strike 3-2: Strikes out swinging
|
|
Batting: LHB Joel Vera
|
0-0: Foul Ball, location: 2F 0-1: Swinging Strike 0-2: Strikes out swinging
|
|
Batting: RHB Geni Prawiranega
|
0-0: Called Strike 0-1: Ball 1-1: Swinging Strike 1-2: Ball 2-2: 2-RUN HOME RUN (Flyball, 7D, EV 96.2 MPH), Distance : 364 ft
|
|
Batting: LHB Jordan de Jesus
|
0-0: Swinging Strike 0-1: Ball 1-1: Bunted foul 1-2: Foul Ball, location: 2F 1-2: Strikes out swinging
|
| Top of the 9th over - 2 runs, 2 hits, 0 errors, 0 left on base; New York 3 - California 2 |
| BOTTOM OF THE 9TH |
|
California Angels batting - Pitching for New York Yankees : LHP Robert Cruz
|
|
Pitching: RHP Isaias Chavez
|
|
|
Batting: RHB Luis Romero
|
0-0: Swinging Strike 0-1: SINGLE (Groundball, 34D, EV 104.4 MPH)
|
|
Batting: RHB Mike Harkins
|
0-0: Bunted foul 0-1: Sac Bunt to 5S - play at first, batter OUT! 5-3 Luis Romero to second
|
|
Batting: RHB Avery Maxwell
|
0-0: Ball 1-0: Ball 2-0: Ball 3-0: Called Strike 3-1: Base on Balls
|
|
Batting: LHB Micah Miller
|
0-0: Foul Ball, location: 2F 0-1: Ball 1-1: Ball 2-1: Grounds into double play, 4-6-3 (Groundball, 4, EV 103.1 MPH)
|
| Bottom of the 9th over - 0 runs, 1 hit, 0 errors, 1 left on base; New York 3 - California 2 |
|